AoeStats
← BeakedBasket526

Arena

510293895Analyzed
1v1 RM · 1d ago on Sep 30, 2026· 72m 39s· 2 players
Game mode
Random Map
Map size
Tiny (2 player)
Population
200
Speed
Normal
Resources
Standard
Victory
Conquest
Starting age
Dark Age
Ending age
Imperial Age
RankedLock teamsTeams togetherTeam positionsShared explorationLock speedFull tech treeHidden civsTurbo modeCheats
Victory
Defeat
🇪🇸 Italians · Spain
469
+16
🇦🇷 Byzantines · Argentina
469
-16
BeakedBasket526
0:38 Loom
14:51 Feudal Age
15:11 Feudal Age
16:47 Man-at-Arms
18:11 Double-Bit Axe
18:09 Horse Collar
18:21 Gold Mining
19:26 Stone Mining
25:04 Castle Age
25:37 Long Swordsman
25:38 Pikeman
26:19 Squires
25:44 Crossbowman
27:14 Bow Saw
35:58 Thumb Ring
36:27 Heavy Plow
41:20 Imperial Age
42:32 Forging
42:22 Scale Mail Armor
42:27 Scale Barding Armor
42:13 Fletching
42:23 Padded Archer Armor
43:21 Wheelbarrow
43:28 Conscription
42:29 Elite Genoese Crossbowman
43:17 Town Watch
44:49 Chemistry
44:09 Ballistics
43:40 Heated Shot
43:46 Murder Holes
43:33 Treadmill Crane
44:40 Hand Cart
44:24 Arson
46:03 Chain Mail Armor
46:23 Iron Casting
46:08 Chain Barding Armor
45:41 Capped Ram
49:19 Onager
51:02 Blast Furnace
50:32 Plate Mail Armor
50:22 Chain Barding Armor
49:58 Bodkin Arrow
54:09 Chain Barding Armor
54:56 Town Patrol
55:03 Husbandry
54:25 Light Cavalry
55:16 Bloodlines
58:21 Plate Barding Armor
60:54 Elite Skirmisher
61:37 Bracer
61:52 Leather Archer Armor
69:34 Two-Man Saw
71:19 Ring Archer Armor
svallejos050
14:01 Feudal Age
14:51 Double-Bit Axe
15:24 Stone Mining
17:52 Horse Collar
21:00 Fletching
21:12 Padded Archer Armor
22:51 Gold Mining
25:49 Castle Age
26:32 Elite Skirmisher
27:18 Thumb Ring
30:07 Squires
38:28 Imperial Age
36:00 Pikeman
36:25 Gambesons
36:27 Arson
36:39 Bodkin Arrow
45:35 Bracer
45:53 Leather Archer Armor
45:50 Forging
45:41 Scale Mail Armor
45:46 Scale Barding Armor
49:28 Logistica
51:35 Chemistry
52:07 Bow Saw
52:00 Heavy Plow
53:21 Ring Archer Armor
53:27 Iron Casting
53:08 Chain Mail Armor
56:08 Chain Barding Armor
55:21 Halberdier
58:47 Elite Varangian Guard
69:20 Ballistics
Connection lost

Rejoining the realm…

Still unreachable

The connection could not be restored.

Session expired

The server has moved on; the page needs a fresh start.